 Dungeon Crawl Stone Soup version 0.31.0-9-g3a7656b989 (webtiles) character file.

Game seed: 1666855080440462125

1091 qw the Skirmisher (level 8, -1/39 HPs)
             Began as a Spriggan Hunter on Feb 2, 2024.
             Was a Follower of Okawaru.
             Incinerated by a bombardier beetle (5 damage)
             ... with a burning spray
             ... on level 5 of the Dungeon.
             The game lasted 00:00:18 (3293 turns).

qw the Skirmisher (Spriggan Hunter)                 Turns: 3293, Time: 00:00:18

Health: -1/39      AC:  6    Str:  7    XL:     8   Next: 9%
Magic:  10/10      EV: 21    Int: 11    God:    Okawaru [*.....]
Gold:   156        SH:  0    Dex: 20    Spells: 7/7 levels left

rFire   . . .        a - +0 shortbow
rCold   . . .        (shield currently unavailable)
rNeg    . . .        e - +0 troll leather armour {Pargi}
rPois   .            (helmet restricted)
rElec   .            i - +2 cloak
rCorr   .            (gloves unavailable)
SInv    +            (boots unavailable)
Will    +....        (no amulet)
Stlth   +            (no ring)
HPRegen 1.06/turn    (no ring)
MPRegen 0.12/turn

%: no passive effects
@: on fire, glowing, very quick
A: very small, no large weapons, unfitting armour, see invisible, speed 3
a: Renounce Religion, Heroism


You were on level 5 of the Dungeon.
You worshipped Okawaru.
Okawaru was aware of your devotion.
You visited 2 branches of the dungeon, and saw 6 of its levels.
You also visited: Sewer.

You collected 156 gold pieces.


Innate Abilities, Weirdness & Mutations

You are very small and have problems with some larger weapons.
You are too small for most types of armour.
You have supernaturally acute eyesight. (SInv)
You cover ground extremely quickly. (Speed+++)


   Skills:
 - Level 2.8 Fighting
 - Level 8.1 Ranged Weapons
 + Level 6.9 Dodging
 - Level 1.5 Stealth
 + Level 2.6 Invocations


You had 7 spell levels left.
You didn't know any spells.
Your spell library was empty.

Inventory:

Hand Weapons
 a - a +0 shortbow (weapon)
Armour
 e - a +0 troll leather armour (worn) {Pargi}
 i - a +2 cloak (worn)
Jewellery
 n - an amulet of regeneration
Wands
 l - a wand of mindburst (14)
Scrolls
 g - 6 scrolls of teleportation
 j - a scroll of brand weapon {unknown}
 k - a scroll of fog {unknown}
Potions
 b - a potion of cancellation
 c - a potion of brilliance {unknown}
 d - a potion of magic {unknown}
 f - 4 potions of curing
 h - a potion of might {unknown}
 m - a potion of lignification {unknown}
 o - a potion of mutation {unknown}

Dungeon Overview and Level Annotations

Branches:
Dungeon (5/15)             Temple (1/1) D:4           Sewer (visited)

Altars:
Ashenzari
Elyvilon
Gozag
Makhleb
Nemelex Xobeh
Okawaru
Qazlal
Ru
Trog
Uskayaw
Vehumet
Wu Jian
Xom
Zin

Annotations:
D:5 1 transporter


Message History

You shoot an arrow. The arrow hits the bombardier beetle!
The bombardier beetle is heavily wounded.
The bombardier beetle sprays incendiary fluid at you.
The burning spray hits you.
You are covered in liquid fire!
You shoot an arrow. The arrow hits the bombardier beetle.
The bombardier beetle is severely wounded.
The liquid fire burns you!
You shoot an arrow. The arrow hits the bombardier beetle.
The bombardier beetle is almost dead.
The liquid fire burns you!
The bombardier beetle sprays incendiary fluid at you.
The burning spray hits you.
You are even more covered in liquid fire!
You shoot an arrow. The arrow hits the bombardier beetle.
The bombardier beetle is almost dead.
The liquid fire burns you!
You shoot an arrow. The arrow hits the bombardier beetle.
You kill the bombardier beetle!
Okawaru accepts your kill. The liquid fire burns you!
You are on fire!
The liquid fire burns you!
You are on fire!
The liquid fire burns you!
You are on fire!
The liquid fire burns you!
You are on fire!
The liquid fire burns you!
You are on fire!
The liquid fire burns you!
You are on fire!
The liquid fire burns you!
You are on fire!
The liquid fire burns you!
You are on fire!
The liquid fire burns you!
You are on fire!
The liquid fire burns you!
You die...

....... #..
........# ..
........># ..
.......%.## .
..........#.##
#.........#..##
#......#..$...#
.........@## ..
#...##...#.#...
#.#.....##..... #
#.##.#......#..
..#...##..###......#
##
#......#.......#...#
...............#####
#........#.#..#####
##..................


There were no monsters in sight!

Vanquished Creatures
  Sigmund (D:2)
  A water moccasin (D:4)
  Pargi (Sewer)
  An ice beast (D:5)
  A brain worm (Sewer)
  A scorpion (D:4)
  2 bombardier beetles
  4 hounds
  2 jellies (D:5)
  A sleepcap (D:5)
  2 iguanas (D:5)
  8 adders
  3 dart slugs
  A ribbon worm (D:2)
  11 orcs
  7 endoplasms
  12 giant cockroaches
  8 goblins
  13 hobgoblins
  2 jackals (D:4)
  9 quokkas
  7 ball pythons
  A bat (D:2)
  4 frilled lizards
  10 kobolds
  10 rats
123 creatures vanquished.

Notes
Turn   | Place    | Note
-------+----------+-------------------------------------------
     0 | D:1      | qw the Spriggan Hunter began the quest for the Orb.
     0 | D:1      | Reached XP level 1. HP: 10/10 MP: 2/2
     0 | D:1      | 0 ||| qw: Version: 0.3-a-155-g5e7d8dd
     0 | D:1      | 0 ||| qw: Game counter: 1190
     0 | D:1      | 0 ||| qw: Melee chars always use a shield: true
     0 | D:1      | 0 ||| qw: God list: Okawaru
     0 | D:1      | 0 ||| qw: Allow faded altars: false
     0 | D:1      | 0 ||| qw: Do Orc after clearing Dungeon:15 true
     0 | D:1      | 0 ||| qw: Do second Lair branch before Depths: true
     0 | D:1      | 0 ||| qw: Lair rune preference: random
     0 | D:1      | 0 ||| qw: Goals: Normal
     0 | D:1      | 0 ||| PLANNING D:1-11
    43 | D:1      | Reached skill level 3 in Dodging
   271 | D:1      | Reached XP level 2. HP: 14/14 MP: 3/3
   567 | D:1      | 567 ||| UPGRADING to +0 cloak.
   572 | D:1      | 572 ||| READING scroll labelled UDGHOR ROSKU.
   572 | D:1      | 572 ||| ENCHANTING +0 cloak.
   573 | D:1      | 573 ||| READING 4 scrolls labelled TOTZIMISAZ.
   573 | D:1      | 573 ||| IDENTIFYING clear potion
   574 | D:1      | 574 ||| READING 3 scrolls of identify.
   574 | D:1      | 574 ||| IDENTIFYING ruby potion
   575 | D:1      | 575 ||| READING 2 scrolls of identify.
   575 | D:1      | 575 ||| IDENTIFYING inky potion
   576 | D:1      | 576 ||| READING scroll of identify.
   576 | D:1      | 576 ||| IDENTIFYING 4 scrolls labelled JOCRUE ZIUWN
   577 | D:1      | 577 ||| DROPPING scroll of butterflies.
   578 | D:1      | 578 ||| DROPPING potion of invisibility.
   617 | D:2      | HP: 3/14 [goblin/+0 club (4)]
   618 | D:2      | 618 ||| READING 4 scrolls of teleportation.
   618 | D:2      | HP: 1/14 [goblin/+0 club (2)]
   619 | D:2      | 619 ||| DRINKING potion of heal wounds.
   630 | D:2      | Reached XP level 3. HP: 11/18 MP: 4/4
   823 | D:2      | Noticed Sigmund
   830 | D:2      | 830 ||| DRINKING 2 potions of curing.
   830 | D:2      | 830 ||| (to cure confusion)
   834 | D:2      | Killed Sigmund
   835 | D:2      | Reached skill level 6 in Ranged Weapons
   835 | D:2      | Reached XP level 4. HP: 22/22 MP: 5/5
   835 | D:2      | Reached XP level 5. HP: 25/25 MP: 6/6
   925 | D:2      | 925 ||| READING scroll of enchant armour.
   925 | D:2      | 925 ||| ENCHANTING +1 cloak.
  1071 | D:2      | 1071 ||| UPGRADING to +2 robe of willpower.
  1081 | D:2      | 1081 ||| DROPPING +0 robe.
  1082 | D:2      | 1082 ||| READING 2 scrolls of identify.
  1082 | D:2      | 1082 ||| IDENTIFYING dark potion
  1083 | D:2      | 1083 ||| READING scroll of identify.
  1083 | D:2      | 1083 ||| IDENTIFYING scroll labelled VEMOBIPASM
  1084 | D:2      | 1084 ||| READING 3 scrolls labelled ODOHIQO VIHY.
  1085 | D:2      | 1085 ||| READING scroll labelled BAODIHORRE.
  1086 | D:2      | 1086 ||| READING scroll labelled URUZUR ZUOV.
  1087 | D:2      | 1087 ||| DROPPING scroll of revelation.
  1088 | D:2      | 1088 ||| DROPPING 2 scrolls of immolation.
  1090 | D:2      | 1090 ||| Stepping ~*~*~tactically~*~*~ (cloud).
  1166 | D:3      | 1166 ||| PLANNING SEWER
  1206 | D:3      | Found a glowing drain.
  1224 | Sewer    | Entered a sewer
  1241 | Sewer    | Reached XP level 6. HP: 30/30 MP: 7/7
  1309 | Sewer    | Noticed Pargi
  1310 | Sewer    | 1310 ||| DRINKING potion of haste.
  1330 | Sewer    | Killed Pargi
  1434 | Sewer    | 1434 ||| UPGRADING to +0 troll leather armour {Pargi}.
  1444 | Sewer    | 1444 ||| DROPPING +2 robe of willpower.
  1456 | D:3      | 1456 ||| PLANNING D:1-11
  1558 | D:3      | Reached skill level 6 in Dodging
  1718 | D:3      | Found a white marble altar of Elyvilon.
  1877 | D:3      | Found a faded altar of an unknown god.
  1910 | D:4      | Found a staircase to the Ecumenical Temple.
  1911 | D:4      | 1911 ||| PLANNING TEMPLE
  1927 | Temple   | Entered the Ecumenical Temple
  1928 | Temple   | 1928 ||| PLANNING OKAWARU WORSHIP
  1972 | Temple   | Became a worshipper of Warmaster Okawaru
  1973 | Temple   | 1973 ||| PLANNING D:1-11
  2259 | D:4      | Reached XP level 7. HP: 35/35 MP: 8/8
  2399 | D:4      | Found a broken altar of Ashenzari.
  2497 | D:4      | Reached skill level 7 in Ranged Weapons
  2547 | D:4      | Found a stormy altar of Qazlal.
  2836 | D:4      | 2836 ||| READING scroll of identify.
  2836 | D:4      | 2836 ||| IDENTIFYING viscous coppery potion
  2837 | D:4      | 2837 ||| READING scroll labelled CAEHOURGH HUDIU.
  2852 | D:4      | 2852 ||| READING scroll labelled VATALY PINTU.
  2853 | D:4      | 2853 ||| READING scroll labelled LIOMMI VOUWKOPH.
  2954 | D:4      | 2954 ||| READING 2 scrolls labelled HEZULO IPAMMOVIO.
  2955 | D:4      | 2955 ||| DROPPING scroll of fear.
  2969 | D:5      | Entered Level 5 of the Dungeon
  2983 | D:5      | Reached * piety under Okawaru
  3092 | D:5      | Reached skill level 8 in Ranged Weapons
  3092 | D:5      | Reached skill level 1 in Invocations
  3192 | D:5      | Reached XP level 8. HP: 37/39 MP: 10/10
  3253 | D:5      | Found a transporter.
  3289 | D:5      | HP: 9/39 [burnt (4)]
  3292 | D:5      | HP: 3/39 [burnt (5)]
  3293 | D:5      | Incinerated by a bombardier beetle

Levels and vault maps discovered:
D:1:      dpeg_arrival_ratfight, layout_loops_ring
D:2:      layout_rooms, uniq_sigmund
D:3:      layout_rooms, mainiacjoe_overflow_tiny_flanked,
          shapermc_ecumenical_altar_hornbeckon, portal_sewer_entry_f,
          chequers_serial_rivers_small_b, chequers_serial_rivers_micro_e
D:4:      cheibrodos_barr_body, layout_loops_ring,
          mainiacjoe_overflow_small_starburst, evilmike_ruin_ashenzari,
          temple_pool_b
D:5:      kennysheep_spiral_hall, layout_cave_pools, gammafunk_temple_of_torment
Temple:   minmay_temple_curvy_loop

Skill      XL: |  1  2  3  4  5  6  7 |
---------------+----------------------+-----
Dodging        | 3 4 5 6 |  6.9
Ranged Weapons | 6 8 |  8.1
Fighting       | 2 |  2.8
Invocations    | 2 |  2.6
Stealth        | |  1.5

Action                     |  1- 3 |  4- 6 |  7- 9 || total
---------------------------+-------+-------+-------++-------
   Fire: Shortbow          |    97 |   166 |   203 ||   466
    Use: Scroll            |     6 |     6 |     5 ||    17
         Potion            |     2 |     1 |       ||     3
 Armour: Robe              |    14 |     7 |       ||    21
         Troll leather arm |       |    13 |    39 ||    52
  Dodge: Dodged            |    27 |   105 |    95 ||   227

Table legend:
 A = Non-vault XP
 B = Vault XP
 C = Vault XP percentage of total XP
 D = Non-vault monster count
 E = Vault monster count
 F = Vault count percentage of total count
                 A         B        C        D         E       F
            +---------+---------+-------+---------+---------+-------
      Total |     626 |     933 |  59.8 |      83 |      40 |  32.5
            +---------+---------+-------+---------+---------+-------
        D:1 |      21 |       5 |  19.2 |      14 |       5 |  26.3
        D:2 |      56 |     214 |  79.3 |      23 |       1 |   4.2
        D:3 |      91 |      12 |  11.7 |      12 |       6 |  33.3
        D:4 |     186 |     222 |  54.4 |      24 |      15 |  38.5
        D:5 |     272 |     210 |  43.6 |      10 |       4 |  28.6
      Sewer |       0 |     270 | 100.0 |       0 |       9 | 100.0
            +---------+---------+-------+---------+---------+-------
